 Dungeon Crawl Stone Soup version 0.28-a0-655-g4eb62b627b (webtiles) character file.

Game seed: 16773906711972440450

84 cheechan the Sneak (level 4, -4/31 HPs)
             Began as an Octopode Monk on Oct 12, 2021.
             Slain by Natasha (6 damage)
             ... on level 2 of the Dungeon.
             The game lasted 00:06:07 (1837 turns).

cheechan the Sneak (Octopode Monk)                  Turns: 1837, Time: 00:06:08

Health: -4/31      AC:  1    Str: 10    XL:     4   Next: 45%
Magic:  4/4        EV: 14    Int: 12    God:
Gold:   28         SH:  0    Dex: 15    Spells: 2/3 levels left

rFire   . . .      SeeInvis .   d - +3 dagger (flame)
rCold   . . .      Faith    .   (no shield)
rNeg    . . .      Spirit   .   (helmet restricted)
rPois   .          Reflect  .   (no amulet)
rElec   .          Harm     .   j - ring of resist corrosion
rCorr   +          Rampage  .   (no ring)
Will    .....                   (no ring)
Stlth   ++++......              (no ring)
HPRegen 0.10/turn               (no ring)
MPRegen 0.09/turn               (no ring)
                                (no ring)
                                (no ring)

@: about to teleport, slowed, very slow
A: almost no armour, amphibious, 8 rings, camouflage 1, gelatinous body 1,
(nimble swimmer 1), tentacles
a: no special abilities


You were on level 2 of the Dungeon.
You visited 1 branch of the dungeon, and saw 2 of its levels.

You collected 28 gold pieces.

Inventory:

Hand Weapons
 a - a +0 short sword of freezing
 c - a +0 dagger
 d - a +3 dagger of flaming (weapon)
 h - a +1 long sword of electrocution
Missiles
 b - 78 stones (quivered)
Jewellery
 j - a ring of resist corrosion (left tentacle)
Potions
 e - 2 potions of resistance
 g - a potion of mutation {unknown}


   Skills:
 + Level 3.5 Fighting
 + Level 3.4 Short Blades
 + Level 3.6 Dodging
 * Level 4.3 Stealth


You had 2 spell levels left.
You knew the following spells:

 Your Spells              Type           Power      Damage    Failure   Level
a - Freeze                Ice            0%         1d3       32%         1

Your spell library contained the following spells:

 Spells                   Type           Power      Damage    Failure   Level
 Beastly Appendage        Tmut           0%         N/A       32%         1
 Corpse Rot               Necr/Air       N/A        N/A       45%         2
 Poisonous Vapours        Pois/Air       0%         N/A       45%         2
 Wereblood                Tmut           0%         N/A       45%         2
 Frozen Ramparts          Ice            0%         1d2       69%         3
 Spider Form              Tmut/Pois      0%         N/A       69%         3
 Hailstorm                Conj/Ice       0%         3d3       97%         4


Dungeon Overview and Level Annotations

Branches:
Dungeon (2/15)

Altars:

Annotations:
D:2 Natasha


Innate Abilities, Weirdness & Mutations

You cannot wear most types of armour.
You are amphibious.
You can wear up to eight rings at the same time.
Your skin changes colour to match your surroundings (Stealth+).
Your rubbery body absorbs attacks. (AC +1, EV +1)
((You are camouflaged near water. (Stealth+)))
You have tentacles for arms and can constrict up to eight enemies at once.


Message History

You open the door.
A bat comes into view.
There is an open door here.
The helpless bat fails to defend itself.
You impale the bat!! You burn the bat.
You kill the bat!
You see here a bat corpse.
You open the door.
There is an open door here.
You see here a bat corpse.
There is an open door here.
There is a stone staircase leading down here.
There is a stone staircase leading down here.
You open the door.
There is an open door here.
You open the door.
There is an open door here.
Natasha, Servant of Life and Death comes into view.
Natasha hisses angrily.
Natasha stares at you and mumbles some strange words.
You resist with some effort. Natasha casts a spell at you.
The magic dart hits you!
You miss Natasha. Your grab misses Natasha. Natasha claws you.
You barely miss Natasha. You grab Natasha. You constrict Natasha.
Natasha claws you!
You barely miss Natasha.
Natasha is lightly wounded.
You constrict Natasha, but do no damage.
Natasha stares at you and mumbles some strange words.
The magic dart hits you!
* * * LOW HITPOINT WARNING * * *
Okay, then.
You release your grip on Natasha.
Okay, then.
Natasha stares at you and mumbles some strange words.
You feel yourself slow down.
As you read the scroll of teleportation, it crumbles to dust.
You feel strangely unstable. Natasha claws you.
You die...

################
..........h@...#
##############.# ##'#####
#......# ##########......#
#........#.[....#
#####........#......##### ##
.............#..........# #.
######........#..........####.


You could see Natasha.

Vanquished Creatures
  4 adders (D:2)
  An ufetubus (D:2)
  A dart slug (D:2)
  4 ball pythons
  3 bats
  4 endoplasms
  A giant cockroach (D:2)
  7 goblins
  3 hobgoblins
  2 jackals (D:2)
  A quokka (D:2)
  A frilled lizard (D:1)
  5 kobolds
  2 rats (D:2)
39 creatures vanquished.

Notes
Turn   | Place    | Note
-------+----------+-------------------------------------------
     0 | D:1      | cheechan the Octopode Monk began the quest for the Orb.
     0 | D:1      | Reached XP level 1. HP: 16/16 MP: 1/1
   172 | D:1      | Found a faded altar of an unknown god.
   257 | D:1      | Reached XP level 2. HP: 18/21 MP: 2/2
   263 | D:1      | Learned a level 1 spell: Freeze
   431 | D:1      | Reached skill level 3 in Stealth
   745 | D:1      | You fall into a shaft and drop 1 floor!
   760 | D:2      | Reached XP level 3. HP: 26/26 MP: 3/3
  1363 | D:2      | Reached XP level 4. HP: 31/31 MP: 4/4
  1366 | D:2      | Reached skill level 4 in Stealth
  1825 | D:2      | Noticed Natasha
  1832 | D:2      | HP: 1/31 [Natasha/magic dart (10)]
  1837 | D:2      | Slain by Natasha

Illustrated notes

Levels and vault maps discovered:
D:1:      saegor_arrival_simple_b, layout_rooms, basic_ecumenical_altar,
          minmay_misc_feat_iff
D:2:      layout_basic, uniq_natasha

Skill      XL: |  1  2  3  4 |
---------------+-------------+-----
Stealth        | 3 4 |  4.3
Fighting       | |  3.5
Short Blades   | |  3.4
Dodging        | |  3.6

Action                   |  1- 3 |  4- 6 || total
-------------------------+-------+-------++-------
Melee: Short sword       |     7 |       ||     7
       Dagger            |    45 |    19 ||    64
       Constrict         |    10 |     6 ||    16
       Tentacles         |    10 |     1 ||    11
  Use: Scroll            |     7 |     2 ||     9
 Stab: Sleeping          |     5 |     2 ||     7
Armor: Skin              |     6 |       ||     6
Dodge: Dodged            |    38 |    12 ||    50

Table legend: (Time is in decaauts)
 A = Elapsed time spent in this place.
 B = Non-inter-level travel time spent in this place.
 C = Inter-level travel time spent in this place.
 D = Time resting spent in this place.
 E = Time spent auto-exploring this place.
 F = Levels seen in this place.
 G = Mean time per level.
                   A        B        C        D        E       F      G
               +--------+--------+--------+--------+--------+-----+--------+
         Total |   1826 |   1826 |      0 |    512 |      0 |   2 |  913.0 |
       Dungeon |   1826 |   1826 |      0 |    512 |      0 |   2 |  913.0 |
               +--------+--------+--------+--------+--------+-----+--------+

Top non-repeatable levels by time:
     D:2: 937 daAuts
     D:1: 889 daAuts
